 Dungeon Crawl Stone Soup version 0.30.0-29-ga12c61a403 (webtiles) character file.

Game seed: 6591873201931240636

168 ChadusMaximus the Caller (level 5, -2/35 HPs)
             Began as a Barachi Summoner on June 22, 2023.
             Slain by a cerulean imp
             ... wielding a +2 spear
             ... summoned by Natasha
              (5 damage)
             ... on level 2 of the Dungeon.
             The game lasted 00:02:23 (1400 turns).

ChadusMaximus the Caller (Barachi Summoner)         Turns: 1400, Time: 00:02:24

Health: -2/35      AC:  2    Str:  9    XL:     5   Next: 48%
Magic:  10/10      EV: 12    Int: 20    God:
Gold:   81         SH:  0    Dex: 16    Spells: 10/11 levels left

rFire   + . .        l - +9 whip of the Desolation of Salt {flame, rF+ rCorr Int+3 Dex+3}
rCold   . . .        (no shield)
rNeg    . . .        a - +0 robe
rPois   .            (no helmet)
rElec   .            (no cloak)
rCorr   +            (no gloves)
SInv    .            (no boots)
Will    .....        (no amulet)
Stlth   ++           (no ring)
HPRegen 0.25/turn    (no ring)
MPRegen 0.12/turn

%: no passive effects
@: unable to hop, slow
A: amphibious, slowness 1, strong legs 1, +LOS
a: Hop


You were on level 2 of the Dungeon.
You visited 1 branch of the dungeon, and saw 2 of its levels.
You visited the Abyss 1 time.

You collected 81 gold pieces.

Inventory:

Hand Weapons
 c - a +4 whip of distortion
 l - the +9 whip of the Desolation of Salt (weapon) {flame, rF+ rCorr Int+3 Dex+3}
   (You found it on level 2 of the Dungeon)

   Int:       It affects your intelligence (+3).
   Dex:       It affects your dexterity (+3).
   rF:        It protects you from fire.
   rCorr:     It protects you from acid and corrosion.
Missiles
 o - a throwing net
Armour
 a - a +0 robe (worn)
Scrolls
 d - 5 scrolls of identify {unknown}
 e - 2 scrolls of noise {unknown}
 g - a scroll of blinking {unknown}
 h - a scroll of enchant armour {unknown}
 j - a scroll of amnesia {unknown}
 n - a scroll of vulnerability {unknown}
Potions
 b - 2 potions of magic
 f - 3 potions of cancellation {unknown}
 i - 3 potions of degeneration {unknown}
 k - a potion of lignification {unknown}
 m - 2 potions of curing
 p - 2 potions of heal wounds {unknown}


   Skills:
 - Level 2.1 Dodging
 - Level 1.7 Stealth
 + Level 3.6 Spellcasting
 * Level 7.0 Summonings


You had 10 spell levels left.
You knew the following spells:

 Your Spells              Type           Power      Damage    Failure   Level
a - Summon Small Mammal   Summ           100%       N/A       1%          1

Your spell library contained the following spells:

 Spells                   Type           Power      Damage    Failure   Level
 Call Imp                 Summ           64%        N/A       1%          2
 Call Canine Familiar     Summ           32%        N/A       2%          3
 Summon Guardian Golem    Hex/Summ       17%        N/A       10%         3
 Poisonous Vapours        Pois/Air       6%         N/A       21%         2
 Summon Lightning Spire   Summ/Air       17%        N/A       30%         4
 Dazzling Flash           Conj/Hex       6%         N/A       38%         3
 Mephitic Cloud           Conj/Pois/Air  3%         N/A       38%         3
 Volatile Blastmotes      Fire/Tloc      6%         2d10      38%         3
 Iskenderun's Mystic Bla  Conj/Tloc      3%         2d3       80%         4
 Freezing Cloud           Conj/Ice/Air   1%         6-21      98%         5
 Starburst                Conj/Fire      1%         6d3       100%        6


Dungeon Overview and Level Annotations

Branches:
Dungeon (2/15)

Altars:

Annotations:
D:2 Natasha


Innate Abilities, Weirdness & Mutations

You are amphibious.
You cover ground slowly.
You can hop short distances.
You have an extended range of vision and can be seen from far away.


Message History

You closely miss the cerulean imp.
Natasha casts a spell.
The cerulean imp hits you with a +2 spear.
You closely miss the cerulean imp. Natasha casts a spell at you.
The magic dart hits you!
The cerulean imp hits you with a +2 spear.
* * * LOW HITPOINT WARNING * * *
The cerulean imp barely misses you.
Unknown command.
You are too injured to fight recklessly!
You are too injured to fight recklessly!
Unknown command.
You closely miss Natasha.
Natasha splashes around in the water.
The cerulean imp hits you but does no damage.
The cerulean imp closely misses you.
You closely miss Natasha.
Natasha casts a spell.
The cerulean imp barely misses you.
The cerulean imp hits you with a +1 spear.
* * * LOW HITPOINT WARNING * * *
Unknown command.
Hop to where?
Press: ? - help, Dir - move target Floosh!
Boing!
The cerulean imp closely misses you.
The cerulean imp hits you from afar with a +2 spear.
* * * LOW HITPOINT WARNING * * *
The cerulean imp hits you from afar with a +1 spear.
* * * LOW HITPOINT WARNING * * *
You feel better.
The cerulean imp hits you from afar with a +1 spear.
* * * LOW HITPOINT WARNING * * *
The cerulean imp hits you from afar with a +2 spear.
* * * LOW HITPOINT WARNING * * *
The cerulean imp barely misses you.
The cerulean imp hits you from afar with a +1 spear.
* * * LOW HITPOINT WARNING * * *
The cerulean imp hits you from afar with a +2 spear.
You die...

..#.#......###...............####
......##....##...^...........#
##..#.##..#.##...88~≈≈~~88..##
..)...##.......###~~≈≈~##.###
#.#.#......#.### #~≈≈~~# .#
.........#.#..# ##~≈≈~## #
#.#.#†#..#..#.###555≈~#
...#.....##....##~≈≈h~#
#.#.#..#......<.@~≈≈~##
#......######..##~≈≈~#
##..#..........#~~≈≈~#
#....#######...~≈≈~~#####.#
##..### ###...~≈≈~.......# #...#
#.....~≈≈)######## ..###
###.#...~≈≈~#
#########...###.~≈≈~##
..........### #.~≈≈~~#


You could see Natasha and 3 cerulean imps.

Vanquished Creatures
  Natasha (twice) (D:2)
  Terence (D:2)
  3 adders (D:2)
  2 worms (D:2)
  A dart slug (D:2)
  5 ball pythons
  7 endoplasms
  4 giant cockroaches
  2 goblins
  4 hobgoblins
  2 quokkas (D:2)
  6 bats
  A frilled lizard (D:1)
  4 kobolds
  5 rats
49 creatures vanquished.

Vanquished Creatures (collateral kills)
  An adder (D:2)
  An endoplasm (D:1)
  A frilled lizard (D:1)
3 creatures vanquished.

Grand Total: 52 creatures vanquished

Notes
Turn   | Place    | Note
-------+----------+-------------------------------------------
     0 | D:1      | ChadusMaximus the Barachi Summoner began the quest for the
                  | Orb.
     0 | D:1      | Reached XP level 1. HP: 13/13 MP: 3/3
    40 | D:1      | Reached skill level 5 in Summonings
    72 | D:1      | Reached XP level 2. HP: 19/19 MP: 5/5
   455 | D:1      | Reached XP level 3. HP: 24/24 MP: 6/6
   747 | D:2      | Reached skill level 6 in Summonings
   876 | D:2      | Identified the +9 whip of the Desolation of Salt {flame,
                  | rF+ rCorr Int+3 Dex+3}
   878 | Abyss:1  | Cast into level 1 of the Abyss (unwielding a weapon of
                  | distortion)
   885 | Abyss:1  | Found a corrupted altar of Lugonu.
   894 | D:2      | Escaped the Abyss
   977 | D:2      | Reached XP level 4. HP: 27/30 MP: 8/8
   982 | D:2      | Noticed Natasha
   995 | D:2      | Found a faded altar of an unknown god.
   996 | D:2      | Noticed a shining eye
   999 | D:2      | Killed Natasha
  1033 | D:2      | Noticed an eye of devastation
  1033 | D:2      | Noticed a floating eye
  1034 | D:2      | Noticed a shining eye
  1102 | D:2      | Noticed Natasha
  1144 | D:2      | Killed Natasha
  1145 | D:2      | Reached XP level 5. HP: 26/35 MP: 8/10
  1273 | D:2      | Noticed Terence
  1280 | D:2      | Killed Terence
  1281 | D:2      | Reached skill level 7 in Summonings
  1382 | D:2      | Noticed Natasha
  1398 | D:2      | HP: 1/35 [cerulean imp/+1 spear[Natasha] (3)]
  1400 | D:2      | Slain by a cerulean imp

Illustrated notes

Levels and vault maps discovered:
D:1:      dpeg_arrival_arbitrary_a, layout_basic
D:2:      wander_river, layout_rooms, hellmonk_ecumenical_altar_watching_god,
          minivault_5, hangedman_decor_riveting,
          minmay_fractal_squares_gapless_5, uniq_terence, uniq_natasha

Skill      XL: |  1  2  3  4  5 |
---------------+----------------+-----
Summonings     | 5 6 7 |  7.0
Spellcasting   | 3 |  3.6
Dodging        | |  2.1
Stealth        | |  1.7

Action                     |  1- 3 |  4- 6 || total
---------------------------+-------+-------++-------
  Melee: Whip              |    64 |    51 ||   115
         Unarmed           |     3 |       ||     3
   Cast: Summon Small Mamm |     4 |       ||     4
Ability: Hop               |     1 |     1 ||     2
    Use: Potion            |     1 |     1 ||     2
   Stab: Sleeping          |     5 |     1 ||     6
 Armour: Robe              |    15 |    16 ||    31
  Dodge: Dodged            |    45 |    45 ||    90
